 Dungeon Crawl Stone Soup version 0.17.1-3-g152610e (webtiles) character file.

73 Alarkh the Digger (level 4, 0/30 HPs)
             Began as a Mummy Earth Elementalist on Apr 25, 2016.
             Slain by a gnoll
             ... wielding a +0 club
              (2 damage)
             ... on level 2 of the Dungeon.
             The game lasted 00:03:25 (1643 turns).

Alarkh the Digger (Mummy Earth Elementalist)        Turns: 1643, Time: 00:03:26

Health: 0/30       AC:  2    Str: 11    XL:     4   Next: 8%
Magic:  3/8        EV:  6    Int: 15    God:
Gold:   119        SH:  0    Dex: 12    Spells: 3 memorised, 2 levels left

rFire  x . .     SeeInvis .     b - 50 stones
rCold  + . .     Clarity  .     d - +0 robe
rNeg   + + +     SustAt   +     (no shield)
rPois  ∞         Gourm    .     (no helmet)
rElec  .         Spirit   .     (no cloak)
rCorr  .         Warding  .     (no gloves)
rMut   .         Stasis   .     (no boots)
MR     .....                    (no amulet)
Stlth  ++........               (no ring)
                                m - ring of sustain attributes

@: held, not resistant to hostile enchantments, unstealthy
A: no food or potions, fire vulnerability, cold resistance 1, negative energy
resistance 3, torment resistance, unbreathing
a: no special abilities


You were on level 2 of the Dungeon.
You were not hungry.

You visited 1 branch of the dungeon, and saw 2 of its levels.

You collected 119 gold pieces.

Inventory:

Hand Weapons
 a - a +0 dagger
Missiles
 b - 50 stones (in hand)
 l - a throwing net
Armour
 d - a +0 robe (worn)
Jewellery
 m - a ring of sustain attributes (left hand)
Scrolls
 e - a scroll of immolation
 f - a scroll of fog
 g - a scroll of amnesia
 h - a scroll of recharging {unknown}
 i - a scroll of random uselessness
 j - a scroll of teleportation {unknown}
 k - a scroll of noise {unknown}
 n - a scroll of enchant armour {unknown}
Books
 c - a book of Geomancy

   Spells                             Type                      Level
   a - Sandblast                      Earth                        1
   b - Stoneskin                      Transmutation/Earth          2
   c - Passwall                       Transmutation/Earth          3
   d - Stone Arrow                    Conjuration/Earth            3
   e - Petrify                        Transmutation/Earth          4
   f - Lee's Rapid Deconstruction     Earth                        5


   Skills:
 - Level 1.5 Dodging
 - Level 1.5 Stealth
 + Level 3.1 Spellcasting
 - Level 0.7 Transmutations
 + Level 3.4 Earth Magic


You had 2 spell levels left.
You knew the following spells:

 Your Spells              Type           Power        Failure   Level  Hunger
a - Sandblast             Erth           ##....       6%          1    N/A
c - Passwall              Trmt/Erth      #.........   30%         3    N/A
e - Stone Arrow           Conj/Erth      #.....       34%         3    N/A

Dungeon Overview and Level Annotations

Branches:
Dungeon (2/15)

Altars:
Ru


Innate Abilities, Weirdness & Mutations

You do not eat or drink.
Your flesh is vulnerable to fire.
You are immune to poison.
Your flesh is cold resistant.
You are immune to negative energy.
You are immune to unholy pain and torment.
You can survive without breathing.


Message History

* * * LOW HITPOINT WARNING * * *
The gnoll hits you from afar with a halberd.
* * * LOW HITPOINT WARNING * * *
Casting: Sandblast
Confirm with . or Enter, or press ? or * to list all spells.
Aiming: Sandblast
Press: ? - help, Shift-Dir - straight line, f/p - gnoll
Aim: a gnoll, wielding a halberd (severely wounded)
The rocky blast hits the gnoll.
You kill the gnoll!
You have reached level 4!
The gnoll throws a stone.
The stone closely misses you.
The gnoll throws a throwing net.
The throwing net hits you.
You become entangled in the net!
You see here a throwing net.
You struggle to escape the net.
The gnoll drinks a potion.
The gnoll seems to speed up.
You struggle against the net.
You try to slip out of the net.
The gnoll hits you with a club.
You die...

..#...)..#.......# #..##########
P^###............# ##.## #####<.
^P#...###........# #..###......
###...# #.)....<.# ##.##...##..
......###...g....# #.#........
.................#### #.#.....###
######.######).#.#..###.>.....# #
#.# ##.g.............## ## #.#
#..#@.....#..##.## .#####.#
#.##.........#..#
....#..######.###.....##.!.##
......###.g...# #....###...#
....##....########...###...#
....##.#### #............### ##
.......########..##.###......###.
.#......##......###.####...#..#..
.#.........##.### #.##....###....


You could see 2 gnolls.

Vanquished Creatures
  A gnoll (D:2)
  2 adders (D:2)
  An ooze (D:2)
  2 worms (D:2)
  2 giant geckos (D:1)
  A ball python (D:1)
  3 giant cockroaches (D:1)
  7 hobgoblins
  6 bats
  7 goblins (D:1)
  2 kobolds
  A rat (D:1)
35 creatures vanquished.

Notes
Turn   | Place    | Note
--------------------------------------------------------------
     0 | D:1      | Alarkh the Mummy Earth Elementalist began the quest for the Orb.
     0 | D:1      | Reached XP level 1. HP: 13/13 MP: 3/3
   157 | D:1      | Reached XP level 2. HP: 13/19 MP: 0/5
  1007 | D:2      | Reached skill level 3 in Earth Magic
  1007 | D:2      | Reached XP level 3. HP: 22/24 MP: 2/7
  1012 | D:2      | Learned a level 3 spell: Stone Arrow
  1019 | D:2      | Learned a level 3 spell: Passwall
  1238 | D:2      | Found a sacrificial altar of Ru.
  1639 | D:2      | Reached XP level 4. HP: 2/30 MP: 2/8
  1643 | D:2      | Slain by a gnoll

Action                   |  1- 3 |  4- 6 || total
-------------------------+-------+-------++-------
Melee: Dagger            |    32 |       ||    32
 Cast: Sandblast         |    82 |     1 ||    83
  Use: Scroll            |     5 |       ||     5
